 Dungeon Crawl Stone Soup version 0.32-a0-913-g739538afd8 (webtiles) character file.

Game seed: 11942283700223712549

1778 bronco the Chopper (level 8, -3/71 HPs)
             Began as a Mountain Dwarf Monk on Apr 8, 2024.
             Slain by a tentacled starspawn (18 damage)
             ... on level 1 of the Abyss on Apr 9, 2024.
             The game lasted 00:19:46 (6374 turns).

bronco the Chopper (Mountain Dwarf Monk)            Turns: 6374, Time: 00:19:46

Health: -3/71      AC: 10    Str: 21    XL:     8   Next: 81%
Magic:  15/15      EV: -1    Int: 15    God:
Gold:   267        SH:  0    Dex: 12    Spells: 17/17 levels left

rFire   . . .        y - +0 war axe
rCold   . . .        d - orb {light}
rNeg    . . .        r - +0 chain mail
rPois   .            (helmet restricted)
rElec   +            h - +0 cloak
rCorr   .            (no gloves)
SInv    +            m - +2 pair of boots
Will    .....        (no amulet) Stlth
                     p - ring of see invisible
HPRegen 0.31/turn    o - ring "Etuem" {Str+6 Int+3 SInv}
MPRegen 0.14/turn

%: no passive effects
@: glowing, constricted
A: runic magic, artefact enchanting, horns 1, deformed body, electricity
resistance
a: no special abilities


You were on level 1 of the Abyss.
You visited 1 branch of the dungeon, and saw 6 of its levels.
You visited the Abyss 1 time.

You collected 267 gold pieces.

Inventory:

Hand Weapons
 a - a +0 hand axe
 y - a +0 war axe (weapon)
Missiles
 C - 3 silver javelins (quivered)
Armour
 b - a +0 robe
 d - an orb of light (worn)
 g - a +0 ring mail
 h - a +0 cloak (worn)
 m - a +2 pair of boots (worn)
 r - a +0 chain mail (worn)
 z - a +0 helmet
Jewellery
 e - a ring of positive energy
 o - the ring "Etuem" (right hand) {Str+6 Int+3 SInv}
   (You acquired it on level 4 of the Dungeon)

   [ring of strength]

   Str+6:     It affects your strength (+6).
   Int+3:     It affects your intelligence (+3).
   SInv:      It lets you see invisible.
 p - a ring of see invisible (left hand)
 q - a ring of resist corrosion
 s - a ring of positive energy
Wands
 k - a wand of digging (6)
Scrolls
 u - a scroll of vulnerability
Potions
 j - 2 potions of degeneration
 l - 2 potions of resistance
 x - 4 potions of attraction


   Skills:
 - Level 6.6 Fighting
 - Level 7.7 Axes
 - Level 5.6 Armour
 - Level 2.1 Dodging
 + Level 5.1 Spellcasting


You had 17 spell levels left.
You didn't know any spells.
Your spell library contained the following spells:

 Spells                   Type           Power      Damage    Failure   Level
 Mercury Vapours          Alch/Air       6%         N/A       36%         2
 Mephitic Cloud           Conj/Alch/Air  3%         N/A       58%         3
 Freezing Cloud           Conj/Ice/Air   1%         6-21      100%        5
 Chain Lightning          Conj/Air       1%         3d2       100%        9
 Fire Storm               Conj/Fire      1%         8d1       100%        9
 Shatter                  Erth           1%         3d6*      100%        9


Dungeon Overview and Level Annotations

Branches:
Dungeon (6/15)
 Temple: D:4-7

Altars:
Fedhas
Sif Muna
Vehumet
Wu Jian

Shops:
D:5 (

Annotations:
D:2 Sigmund
D:6 Eustachio


Innate Abilities, Weirdness & Mutations

Your spellcasting is much less encumbered by armour.
You can use scrolls of enchantment on lesser artefacts.
You have a pair of small horns on your head.
Armour fits poorly on your strangely shaped body.
You are resistant to electric shocks. (rElec)


Message History

You headbutt the weeping skull, but do no damage.
The weeping skull is severely damaged.
The weeping skull releases gushing sobs.
The wave of grief passes through you.
You slash the weeping skull! You headbutt the weeping skull.
You destroy the weeping skull!
You start resting.
HP restored.
A tentacled starspawn comes into view.
A small abomination comes into view.
You slash the small abomination! You headbutt the small abomination!
The small abomination is severely damaged.
The small abomination hits you but does no damage.
You slash the small abomination!
You destroy the small abomination!
Your Spellcasting skill increases to level 5!
A starspawn tentacle comes into view.
The starspawn tentacle barely misses you.
A starspawn tentacle comes into view.
You hit the tentacled starspawn. You headbutt the tentacled starspawn.
The tentacled starspawn is lightly damaged.
A tentacle flies out from the starspawn's body!
The starspawn tentacle grabs you. The starspawn tentacle constricts you.
A starspawn tentacle comes into view.
You hit the tentacled starspawn.
The tentacled starspawn is moderately damaged.
You hit the starspawn tentacle. The tentacled starspawn bites you!
The tentacled starspawn tentacle-slaps you but does no damage.
The starspawn tentacle constricts you.
You slash the tentacled starspawn!
The tentacled starspawn is heavily damaged.
You slash the starspawn tentacle! The tentacled starspawn bites you.
The tentacled starspawn tentacle-slaps you!
The starspawn tentacle constricts you. The tentacled starspawn bites you!
The tentacled starspawn tentacle-slaps you!
* * * LOW HITPOINT WARNING * * *
As you read the scroll labelled TAIWNE TEERPH, it dissolves into smoke.
It was a scroll of fog.
The starspawn tentacle constricts you.
* * * LOW HITPOINT WARNING * * *
The tentacled starspawn bites you!!
You die...

....#..
...#.....# #
..#...#.#.#...
#.... #Λ. .... #
#.# ##/#.#### #.
.#/ ##.. ...#
###X#.\#. .. #.
####..###..#.#.#
. #§###.# / . .#
.. #§@X─#───#.
.#.##
#§#w#>##..## ..
##.#/#.. ..# #.#
.###. .. ## ##
... ...


You could see a tentacled starspawn and a starspawn tentacle.

Vanquished Creatures
  A small abomination (Abyss:1)
  Edmund (D:5)
  A water moccasin (D:6)
  A black bear (D:3)
  An ogre (D:5)
  A centaur (D:5)
  A weeping skull (Abyss:1)
  2 scorpions
  2 bombardier beetles
  3 hounds
  3 jellies
  An orc priest (D:5)
  2 sleepcaps (D:5)
  Ijyb (D:3)
  9 orc wizards
  6 iguanas
  2 gnolls (D:6)
  9 adders
  A shadow imp (D:5)
  2 white imps (Abyss:1)
  2 ufetubi (D:5)
  6 dart slugs
  13 orcs
  5 ball pythons
  5 endoplasms
  A giant cockroach (D:2)
  6 goblins
  4 hobgoblins
  A quokka (D:2)
  4 bats
  2 frilled lizards
  4 kobolds
  5 rats
108 creatures vanquished.

Vanquished Creatures (others)
  An orc wizard (D:5)
  2 orcs (D:6)
  A starspawn tentacle (Abyss:1)
4 creatures vanquished.

Grand Total: 112 creatures vanquished

Notes
Turn   | Place    | Note
-------+----------+-------------------------------------------
     0 | D:1      | bronco the Mountain Dwarf Monk began the quest for the Orb.
     0 | D:1      | Reached XP level 1. HP: 19/19 MP: 1/1
   148 | D:1      | Reached skill level 4 in Axes
   196 | D:1      | Found a faded altar of an unknown god.
   479 | D:1      | Reached XP level 2. HP: 19/26 MP: 2/2
   805 | D:1      | Found a radiant altar of Vehumet.
   888 | D:2      | Noticed Sigmund
  1064 | D:2      | Reached skill level 5 in Axes
  1125 | D:2      | Reached XP level 3. HP: 31/31 MP: 3/3
  1212 | D:2      | Reached skill level 6 in Axes
  1212 | D:2      | Reached XP level 4. HP: 33/38 MP: 4/4
  1509 | D:3      | Noticed Ijyb
  1546 | D:3      | Killed Ijyb
  1829 | D:3      | Found an ornate altar of the Wu Jian Council.
  1882 | D:3      | Noticed a black bear
  1894 | D:3      | Killed a black bear
  1895 | D:3      | Reached skill level 7 in Axes
  1895 | D:3      | Reached XP level 5. HP: 37/45 MP: 5/5
  1974 | D:3      | Found a shimmering blue altar of Sif Muna.
  2351 | D:4      | Reached skill level 1 in Armour
  2451 | D:4      | Reached XP level 6. HP: 36/52 MP: 6/6
  3570 | D:4      | Identified a scroll of acquirement
  3570 | D:4      | Acquired the ring "Etuem" {Str+6 Int+3 SInv}
  3588 | D:5      | Entered Level 5 of the Dungeon
  3597 | D:5      | Reached XP level 7. HP: 42/60 MP: 7/7
  3607 | D:5      | Reached skill level 5 in Fighting
  4007 | D:5      | Found Weewkug's Weapon Boutique.
  4036 | D:5      | HP: 2/61 [spore (20)]
  4057 | D:5      | HP: 1/62 [orc priest/divine providence (7)]
  4058 | D:5      | Gained mutation: You have a pair of small horns on your
                  | head. [potion of mutation]
  4058 | D:5      | Gained mutation: You are resistant to electric shocks.
                  | (rElec) [potion of mutation]
  4058 | D:5      | Gained mutation: Armour fits poorly on your strangely
                  | shaped body. [potion of mutation]
  4525 | D:5      | Reached skill level 5 in Armour
  4986 | D:5      | Reached XP level 8. HP: 70/71 MP: 8/8
  5170 | D:6      | Reached skill level 1 in Spellcasting
  5237 | D:6      | Found a blossoming altar of Fedhas.
  5392 | D:6      | Noticed Edmund
  5580 | D:5      | Killed Edmund
  5980 | D:6      | Noticed Eustachio
  6242 | Abyss:1  | Cast into level 1 of the Abyss (Eustachio)
  6341 | Abyss:1  | Noticed a tentacled starspawn
  6362 | Abyss:1  | Reached skill level 5 in Spellcasting
  6374 | Abyss:1  | Slain by a tentacled starspawn

Illustrated notes

Levels and vault maps discovered:
D:1:      dpeg_arrival_lava_altar, layout_basic, basic_ecumenical_altar,
          serial_rivers, chequers_serial_rivers_micro_c,
          chequers_serial_rivers_micro_d, chequers_serial_rivers_small_3,
          chequers_serial_rivers_micro_d, chequers_serial_rivers_room_a,
          chequers_serial_rivers_micro_c, item_on_display_a
D:2:      layout_rooms, hangedman_decor_slide_cut, uniq_sigmund
D:3:      layout_basic, mainiacjoe_overflow_catwalk_spiral,
          chequers_serial_rivers_small_b, minmay_strange_pillars, uniq_ijyb
D:4:      layout_basic, minmay_a_box_with_orc_wizards_in_it
D:5:      layout_loops_corners, serial_shops, nicolae_shop_bloodbath_and_beyond
D:6:      layout_cave_pools, mainiacjoe_overflow_cross_hatched,
          minmay_misc_feat_columns, hangedman_decor_clover_reticule,
          uniq_eustachio, uniq_edmund
Abyss:1:  base: D:1, minivault_1

Skill      XL: |  1  2  3  4  5  6  7  8 |
---------------+-------------------------+-----
Axes           | 4 5 6 7 |  7.7
Armour         | 1 3 5 |  5.6
Fighting       | 4 6 |  6.6
Spellcasting   | 5 |  5.1
Dodging        | |  2.1

Action                     |  1- 3 |  4- 6 |  7- 9 || total
---------------------------+-------+-------+-------++-------
  Melee: Hand axe          |    82 |    61 |       ||   143
         War axe           |       |    55 |   132 ||   187
         Headbutt          |       |       |    21 ||    21
  Throw: Dart              |       |    24 |    36 ||    60
         Stone             |       |     8 |       ||     8
         Javelin           |       |       |    12 ||    12
  Evoke: Wand              |       |       |     9 ||     9
    Use: Scroll            |       |     8 |    11 ||    19
         Potion            |       |       |     6 ||     6
 Armour: Robe              |    15 |       |       ||    15
         Ring mail         |    37 |    92 |    16 ||   145
         Chain mail        |       |       |   132 ||   132
  Dodge: Dodged            |    45 |    61 |    77 ||   183

Table legend: (Time is in decaauts)
 A = Elapsed time spent in this place.
 B = Non-inter-level travel time spent in this place.
 C = Inter-level travel time spent in this place.
 D = Time resting spent in this place.
 E = Time spent auto-exploring this place.
 F = Levels seen in this place.
 G = Mean time per level.
                   A        B        C        D        E       F      G
               +--------+--------+--------+--------+--------+-----+--------+
         Total |   6424 |   6100 |    324 |    964 |   3824 |   7 |  917.7 |
       Dungeon |   6290 |   5966 |    324 |    962 |   3753 |   6 | 1048.3 |
         Abyss |    133 |    133 |      0 |      2 |     71 |   1 |  133.0 |
               +--------+--------+--------+--------+--------+-----+--------+

Top non-repeatable levels by time:
     D:5: 1845 daAuts
     D:4: 1250 daAuts
     D:1: 989 daAuts
     D:3: 883 daAuts
     D:6: 840 daAuts
     D:2: 481 daAuts
 Abyss:1: 133 daAuts
